 Seeded DCSS version 0.28-a0-1613-gdaab1c2f9b (webtiles) character file.

Game seed: 7581435396667694923 (custom seed)

30 voltaire321 the Caller (level 3, 0/20 HPs)
             Began as a Deep Elf Summoner on Jan 22, 2022.
             Slain by a jackal (2 damage)
             ... on level 1 of the Dungeon.
             The game lasted 00:02:55 (1522 turns).

voltaire321 the Caller (Deep Elf Summoner)          Turns: 1522, Time: 00:02:55

Health: 0/20       AC:  2    Str:  7    XL:     3   Next: 5%
Magic:  9/10       EV: 13    Int: 19    God:
Gold:   42         SH:  0    Dex: 15    Spells: 6/9 levels left

rFire   . . .      SeeInvis .   c - +0 dagger
rCold   . . .      Faith    .   (no shield)
rNeg    . . .      Spirit   .   a - +0 robe
rPois   .          Reflect  .   (no helmet)
rElec   .          Harm     .   (no cloak)
rCorr   .          Rampage  .   (no gloves)
Will    .....                   (no boots)
Stlth   ++........              (no amulet)
HPRegen 0.06/turn               (no ring)
MPRegen 0.12/turn               (no ring)

@: no status effects
A: no striking features
a: no special abilities


You were on level 1 of the Dungeon.
You visited 1 branch of the dungeon, and saw 1 of its levels.

You collected 42 gold pieces.

Inventory:

Hand Weapons
 c - a +0 dagger (weapon)
Missiles
 h - 4 curare-tipped darts
Armour
 a - a +0 robe (worn)
Jewellery
 d - a +4 ring of protection
 g - an amulet of reflection
Scrolls
 b - a scroll of identify {unknown}
 e - a scroll of fog {unknown}
 f - a scroll of magic mapping {unknown}


   Skills:
 + Level 0.9 Fighting
 + Level 3.0 Dodging
 - Level 2.4 Stealth
 + Level 3.5 Spellcasting
 + Level 4.7 Summonings


You had 6 spell levels left.
You knew the following spells:

 Your Spells              Type           Power      Damage    Failure   Level
a - Call Imp              Summ           21%        N/A       3%          2
b - Summon Small Mammal   Summ           84%        N/A       1%          1

Your spell library contained the following spells:

 Spells                   Type           Power      Damage    Failure   Level
 Call Canine Familiar     Summ           21%        N/A       6%          3
 Summon Guardian Golem    Hex/Summ       12%        N/A       17%         3
 Summon Lightning Spire   Summ/Air       12%        N/A       50%         4


Dungeon Overview and Level Annotations

Branches:
Dungeon (1/15)

Altars:


Message History

Your crimson imp hits the jackal.
You hit the jackal. Your punch misses the jackal.
The jackal is moderately wounded.
The jackal bites you but does no damage.
The jackal closely misses your crimson imp.
The jackal bites you.
Your crimson imp barely misses the jackal.
You hit the jackal.
The jackal is almost dead.
The jackal closely misses your crimson imp.
The jackal misses you.
Your crimson imp blinks!
You barely miss the jackal.
The jackal is severely wounded.
The jackal bites you. The jackal misses you.
The jackal bites you but does no damage.
The jackal bites you.
You closely miss the jackal.
The jackal is almost dead.
The jackal closely misses you. x2
You barely miss the jackal.
The jackal is severely wounded.
The jackal bites you. The jackal barely misses you. The jackal bites you.
You hit the jackal but do no damage.
The jackal is severely wounded.
The jackal bites you. The jackal barely misses you. x2
You closely miss the jackal.
The jackal is severely wounded.
Your crimson imp blinks!
The jackal bites you.
* * * LOW HITPOINT WARNING * * *
The jackal barely misses you.
You hit the jackal but do no damage.
The jackal is severely wounded.
The jackal closely misses you. The jackal bites you.
* * * LOW HITPOINT WARNING * * *
Your crimson imp misses the jackal.
The jackal bites you.
* * * LOW HITPOINT WARNING * * *
The jackal bites you.
You die...

#########.#########.##
#.....K..........##.###
#.#########.####......#
#.# #.####......# #.#
#...##......# ##.#
#.#.##......# ##.#
#...........# .#.#
###.######### ..(#
#.#@..#### ...#
#.#hh....## #[.#
#.#5....... ####
#.#.#.#.#.## #
#.###..#.# # ## ### #


You could see 2 jackals and a friendly crimson imp (summoned).

Vanquished Creatures
  2 ball pythons (D:1)
  An endoplasm (D:1)
  2 goblins (D:1)
  A hobgoblin (D:1)
  2 kobolds (D:1)
  2 bats (D:1)
10 creatures vanquished.

Vanquished Creatures (collateral kills)
  A gnoll (D:1)
  An endoplasm (D:1)
  2 giant cockroaches (D:1)
  A goblin (D:1)
  A hobgoblin (D:1)
  A ball python (D:1)
  A frilled lizard (D:1)
8 creatures vanquished.

Grand Total: 18 creatures vanquished

Notes
Turn   | Place    | Note
-------+----------+-------------------------------------------
     0 | D:1      | voltaire321 the Deep Elf Summoner began the quest for the
                  | Orb.
     0 | D:1      | Reached XP level 1. HP: 10/10 MP: 6/6
   614 | D:1      | Reached XP level 2. HP: 8/16 MP: 8/8
   891 | D:1      | Learned a level 2 spell: Call Imp
  1396 | D:1      | Reached XP level 3. HP: 20/20 MP: 10/10
  1522 | D:1      | Slain by a jackal

Illustrated notes

Levels and vault maps discovered:
D:1:      evilmike_arrival_crescent, layout_loops_cross, minmay_statues_item

Skill      XL: |  1  2 |
---------------+-------+-----
Dodging        | 3 |  3.0
Fighting       | |  0.9
Stealth        | |  2.4
Spellcasting   | |  3.5
Summonings     | |  4.7

Action                   || total
-------------------------++-------
Melee: Dagger            ||    64
       Unarmed           ||     8
       Punch             ||     1
 Cast: Summon Small Mamm ||    14
       Call Imp          ||     4
 Stab: Sleeping          ||     1
Armor: Robe              ||    16
Dodge: Dodged            ||    68

Table legend: (Time is in decaauts)
 A = Elapsed time spent in this place.
 B = Non-inter-level travel time spent in this place.
 C = Inter-level travel time spent in this place.
 D = Time resting spent in this place.
 E = Time spent auto-exploring this place.
 F = Levels seen in this place.
 G = Mean time per level.
                   A        B        C        D        E       F      G
               +--------+--------+--------+--------+--------+-----+--------+
         Total |   1522 |   1522 |      0 |    857 |    386 |   1 | 1522.0 |
       Dungeon |   1522 |   1522 |      0 |    857 |    386 |   1 | 1522.0 |
               +--------+--------+--------+--------+--------+-----+--------+

Top non-repeatable levels by time:
     D:1: 1522 daAuts
